 Dungeon Crawl Stone Soup version 0.20-a0-444-g3734ce0 (webtiles) character file.

8404 zoomzoom the Spear-Bearer (level 11, -11/79 HPs)
             Began as a Cyno Artificer on Jan 30, 2017.
             Was an Elder of Nemelex Xobeh.
             Mangled by Snorg (14 damage)
             ... on level 10 of the Dungeon.
             The game lasted 00:14:53 (9060 turns).

zoomzoom the Spear-Bearer (Cyno Artificer)          Turns: 9060, Time: 00:14:54

Health: -11/79     AC: 21    Str: 11    XL:     11   Next: 9%
Magic:  20/20      EV:  8    Int: 15    God:    Nemelex Xobeh [****..]
Gold:   442        SH:  0    Dex: 11    Spells: 10/10 levels left

rFire  x . .     SeeInvis .     j - +5 trident (protect)
rCold  + + .     Gourm    .     N - +1 ice dragon scales
rNeg   . . .     Faith    .     (no shield)
rPois  .         Spirit   .     B - +0 helmet
rElec  .         Reflect  .     m - +0 cloak
rCorr  .         Harm     .     (no gloves)
MR     .....                    y - +1 pair of boots
Stlth  ..........               S - amulet of magic regeneration
                                (no ring)
                                O - ring of wizardry

@: brilliant, about to teleport, protection aura
A: limited potential
a: Triple Draw, Deal Four, Renounce Religion


You were on level 10 of the Dungeon.
You worshipped Nemelex Xobeh.
Nemelex Xobeh was greatly pleased with you.
You were not hungry.

You visited 1 branch of the dungeon, and saw 10 of its levels.

You collected 442 gold pieces.

Inventory:

Hand Weapons
 j - a +5 trident of protection (weapon)
Armour
 m - a +0 cloak (worn)
 y - a +1 pair of boots (worn)
 B - a +0 helmet (worn)
 N - +1 ice dragon scales (worn)
Jewellery
 O - a ring of wizardry (left hand)
 S - an amulet of magic regeneration (around neck)
Wands
 c - a wand of flame (34/48)
 d - a wand of enslavement (15/24)
 e - a wand of random effects (12/48)
 F - a wand of flame (13/48)
 I - a wand of lightning (7/15)
 R - a wand of iceblast (10/15)
Scrolls
 h - a scroll of recharging
 x - 2 scrolls of fear
 C - a scroll of immolation
 E - a scroll of amnesia
 G - 2 scrolls of magic mapping
 Q - 2 scrolls of remove curse
 V - a scroll of holy word
Potions
 a - a potion of agility
 b - 3 potions of curing
 l - a potion of cure mutation
 n - a potion of ambrosia {unknown}
 o - 2 potions of brilliance
 q - a potion of flight {unknown}
 r - a potion of might {unknown}
 w - 2 potions of resistance
 z - 2 potions of degeneration {unknown}
 A - 2 potions of heal wounds {unknown}
 H - a potion of invisibility {unknown}
 K - a potion of lignification {unknown}
 P - a potion of mutation {unknown}
 T - a potion of cancellation {unknown}
Books
 M - a book of Cantrips

   Spells                             Type                      Level
   a - Confusing Touch                Hexes                        1
   b - Animate Skeleton               Necromancy                   1
   c - Summon Small Mammal            Summoning                    1
   d - Apportation                    Translocation                1
Miscellaneous
 i - a plain deck of destruction
 k - a plain deck of summoning {drawn: 1}
 t - a plain deck of destruction
 u - a plain deck of escape {drawn: 1}
 J - a legendary deck of summoning {drawn: 2}
 L - a plain deck of destruction {drawn: 2}
Comestibles
 f - 3 bread rations
 g - 3 fruits
 p - 4 royal jellies
 s - a slice of pizza
 v - 3 beef jerkies
 D - 7 meat rations
 U - a chunk of flesh


   Skills:
 + Level 5.1 Fighting
   Level 1.2 Short Blades
 - Level 14.0 Polearms
 + Level 1.4 Armour
 + Level 2.8 Dodging
 - Level 1.1 Stealth
 + Level 12.7 Invocations
 - Level 4.1 Evocations


You had 10 spell levels left.
You didn't know any spells.

Dungeon Overview and Level Annotations

Branches:
Dungeon (10/15)            Temple (0/1) D:4            Lair (0/6) D:9
    Orc (0/2) D:9

Altars:
Cheibriados
Fedhas
Kikubaaqudgha
Nemelex Xobeh
Trog
Vehumet
Xom

Shops:
D:5 ?

Annotations:
D:10 Snorg


Message History

The centaur barely misses you.
You are too injured to fight recklessly!
You are too injured to fight recklessly!
Snorg bites you. Snorg claws you but does no damage.
Snorg completely misses you. The centaur barely misses you.
As you read the scroll of teleportation, it crumbles to dust.
You feel strangely unstable. Snorg bites you!
* * * LOW HITPOINT WARNING * * *
Snorg claws you!
* * * LOW HITPOINT WARNING * * *
Snorg claws you.
* * * LOW HITPOINT WARNING * * *
The centaur closely misses you.
It was a potion of brilliance.
You feel clever all of a sudden. Snorg bites you.
* * * LOW HITPOINT WARNING * * *
Snorg claws you!
You die...
Your body disappears without a glow.

......#.##
#.#.##..........#
........#
#...##(...........
.......##
##...##...........
......### ##### .
....(...##### .#
......#.....# ######.#
####..#####.###....=.#
....# ##....(()...##..
..##.##........@T.......
..#
#....######..c...##.. ##
.... ##.###.# .# #.# ..
... ... ..... .. .....#
. ......


You could see Snorg (berserk) and a centaur.

Vanquished Creatures
  Erica (D:9)
  A two-headed ogre (D:10)
  Pikel (D:9)
  The ghost of zoomzoom the Thaumaturge, a novice CyWz (D:6)
  Psyche (D:9)
  A hippogriff (D:10)
  4 yaks (D:7)
  2 wyverns (D:9)
  A hungry ghost (D:8)
  A swamp drake (D:9)
  A black bear (D:8)
  3 orc warriors
  3 sky beasts
  A necrophage (D:9)
  5 ogres
  2 centaurs
  3 crocodiles (D:9)
  4 bullfrogs
  A wyvern zombie (D:5)
  3 scorpions
  4 wights
  3 howler monkeys (D:7)
  4 crimson imps
  A jelly (D:7)
  8 hounds
  3 bullfrog zombies
  7 orc wizards
  2 orc priests
  2 bullfrog skeletons
  A centaur skeleton (D:8)
  Terence (D:2)
  Natasha (D:2)
  3 iguanas
  4 worker ants
  A killer bee zombie (D:7)
  2 hound zombies
  A hound skeleton (D:6)
  A worker ant zombie (D:7)
  4 adders
  A shadow imp (D:3)
  An ooze (D:6)
  5 worms
  2 dart slugs
  7 leopard geckos
  25 orcs
  4 bats
  8 giant cockroaches
  8 goblins
  8 hobgoblins
  11 jackals
  9 kobolds
  8 quokkas
  2 ball pythons
  4 frilled lizards
  A leopard gecko zombie (D:9)
  A quokka skeleton (D:7)
  10 rats
208 creatures vanquished.

Vanquished Creatures (collateral kills)
  A two-headed ogre (D:9)
  The ghost of meatyocre the Cruncher, a novice CyGl of Dithmenos (D:8)
  A troll (D:9)
  3 yaks (D:9)
  An ice beast (D:9)
  An ogre (D:8)
  A centaur (D:9)
  A bullfrog (D:9)
  A scorpion (D:9)
  A crimson imp (D:8)
  An iguana (D:9)
  4 orcs (D:9)
17 creatures vanquished.

Grand Total: 225 creatures vanquished

Notes
Turn   | Place    | Note
-------+----------+-------------------------------------------
     0 | D:1      | zoomzoom the Cyno Artificer began the quest for the Orb.
     0 | D:1      | Reached XP level 1. HP: 15/15 MP: 3/3
   348 | D:1      | Reached XP level 2. HP: 13/23 MP: 4/4
  1160 | D:1      | Reached XP level 3. HP: 29/29 MP: 5/5
  1659 | D:2      | Found a sparkling altar of Nemelex Xobeh.
  1659 | D:2      | Found a snail-covered altar of Cheibriados.
  1664 | D:2      | Found a bloodstained altar of Trog.
  1678 | D:2      | Became a worshipper of Nemelex Xobeh the Trickster
  1730 | D:2      | Noticed Terence
  1742 | D:2      | Killed Terence
  1742 | D:2      | Reached XP level 4. HP: 33/38 MP: 6/6
  2069 | D:2      | Reached skill level 1 in Polearms
  2244 | D:2      | Noticed Natasha
  2252 | D:2      | Killed Natasha
  2252 | D:2      | Reached skill level 2 in Polearms
  2452 | D:3      | Received a gift from Nemelex Xobeh
  2538 | D:3      | Reached * piety under Nemelex Xobeh
  2551 | D:3      | Reached XP level 5. HP: 43/43 MP: 7/7
  2555 | D:3      | Reached skill level 3 in Polearms
  2767 | D:3      | Found a blossoming altar of Fedhas.
  2769 | D:3      | Found an ancient bone altar of Kikubaaqudgha.
  3031 | D:3      | Received a gift from Nemelex Xobeh
  3726 | D:4      | Found a staircase to the Ecumenical Temple.
  3728 | D:4      | Reached ** piety under Nemelex Xobeh
  3785 | D:4      | Reached skill level 4 in Polearms
  3823 | D:4      | Found a radiant altar of Vehumet.
  3824 | D:4      | Noticed a centaur
  3836 | D:4      | Killed a centaur
  3836 | D:4      | Reached skill level 5 in Polearms
  3836 | D:4      | Reached skill level 1 in Invocations
  3836 | D:4      | Reached XP level 6. HP: 41/50 MP: 9/9
  3970 | D:5      | Entered Level 5 of the Dungeon
  4106 | D:5      | Reached skill level 6 in Polearms
  4106 | D:5      | Reached XP level 7. HP: 37/55 MP: 10/10
  4406 | D:5      | Reached skill level 7 in Polearms
  4473 | D:5      | Found Kamef's Magic Scroll Shop.
  4623 | D:5      | Reached skill level 8 in Polearms
  4733 | D:6      | Reached skill level 5 in Invocations
  4733 | D:6      | Reached XP level 8. HP: 46/61 MP: 11/11
  4801 | D:6      | Received a gift from Nemelex Xobeh
  5016 | D:6      | Reached skill level 9 in Polearms
  5071 | D:6      | Reached *** piety under Nemelex Xobeh
  5146 | D:6      | Noticed zoomzoom's ghost (novice CyWz)
  5147 | D:6      | Noticed Duvessa
  5147 | D:6      | Noticed Dowan
  5151 | D:6      | Noticed Duvessa
  5151 | D:6      | Duvessa changed into Duvessa the ooze
  5151 | D:6      | Noticed Dowan
  5151 | D:6      | Dowan changed into Dowan the hound
  5158 | D:6      | Killed Duvessa the ooze
  5161 | D:6      | Killed Dowan the hound
  5190 | D:6      | Killed zoomzoom's ghost
  5190 | D:6      | Reached skill level 10 in Polearms
  5463 | D:7      | Reached XP level 9. HP: 55/67 MP: 14/14
  5553 | D:7      | Reached skill level 11 in Polearms
  5843 | D:7      | Received a gift from Nemelex Xobeh
  5923 | D:7      | Reached skill level 12 in Polearms
  6214 | D:7      | Found a bloodstained altar of Trog.
  6330 | D:7      | Received a gift from Nemelex Xobeh
  6464 | D:8      | Noticed meatyocre's ghost (novice CyGl)
  6502 | D:8      | HP: 2/67 [meatyocre's ghost (14)]
  6853 | D:8      | Killed meatyocre's ghost
  6854 | D:8      | Found a shimmering altar of Xom.
  6867 | D:8      | Reached skill level 13 in Polearms
  6892 | D:8      | Reached XP level 10. HP: 48/73 MP: 16/16
  7554 | D:9      | Received a gift from Nemelex Xobeh
  7559 | D:9      | Noticed Psyche
  7580 | D:9      | Killed Psyche
  7582 | D:9      | Noticed a two-headed ogre
  7590 | D:9      | Killed a two-headed ogre
  7627 | D:9      | Reached skill level 14 in Polearms
  7809 | D:9      | Reached skill level 10 in Invocations
  7831 | D:9      | Reached **** piety under Nemelex Xobeh
  8431 | D:9      | Found a staircase to the Lair.
  8543 | D:9      | Noticed Erica
  8569 | D:9      | Killed Erica
  8667 | D:9      | Noticed Pikel
  8689 | D:9      | Killed Pikel
  8722 | D:9      | Found a staircase to the Orcish Mines.
  8786 | D:10     | Entered Level 10 of the Dungeon
  8871 | D:10     | Reached XP level 11. HP: 60/78 MP: 20/20
  9034 | D:10     | Noticed a two-headed ogre
  9044 | D:10     | Noticed Snorg
  9051 | D:10     | Killed a two-headed ogre
  9051 | D:10     | Reached skill level 5 in Fighting
  9051 | D:10     | Reached skill level 1 in Armour
  9060 | D:10     | HP: 3/79 [Snorg (2)]
  9060 | D:10     | Mangled by Snorg

Vault maps used:
D:1:      tarquinn_simple_flora_water_f, serial_co_window_serial,
          co_window_corner_a, co_window_paths_a, co_window_of_opportunity_a,
          co_window_of_opportunity_a, co_window_paths_a,
          co_window_unsneaky_path_e, co_window_broadway_a,
          co_window_of_opportunity_b, co_window_corner_ca,
          co_window_unsneaky_path_d, co_window_corner_b, glass_columns_a,
          glass_columns_b, grunt_decor_resistance, roderic_roman_lattice
D:2:      gammafunk_temple_overflow_forgotten, st_stairs_3, uniq_terence,
          uniq_natasha
D:3:      grunt_temple_overflow_growth_and_decay, first_bread
D:4:      vehumet_altar_wand_db, kennysheep_nondescript
D:5:      serial_shops, shop
D:6:      kennysheep_generic_room_14, uniq_duvessa
D:7:      trog_book
D:8:      basic_altar
D:9:      erik_lair_dragon, orc_0_dummy, uniq_erica, uniq_pikel, uniq_psyche
D:10:     water_boxes_lemuel, uniq_snorg

Skill      XL: |  1  2  3  4  5  6  7  8  9 10 11 |
---------------+----------------------------------+-----
Fighting       | 2 3 4 5 |  5.1
Polearms       | 2 5 6 8 10 13 14 | 14.0
Evocations     | 4 |  4.1
Invocations    | 1 3 5 7 9 12 | 12.7
Armour         | 1 |  1.4
Short Blades   | |  1.2
Dodging        | |  2.8
Stealth        | |  1.1

Action                   |  1- 3 |  4- 6 |  7- 9 | 10-12 || total
-------------------------+-------+-------+-------+-------++-------
Melee: Short sword       |   140 |       |       |       ||   140
       Trident           |       |   199 |   439 |   258 ||   896
Evoke: Wand              |     6 |     1 |     1 |       ||     8
       Deck              |       |       |     4 |     2 ||     6
  Use: Scroll            |       |       |    15 |     2 ||    17
       Potion            |       |       |       |     1 ||     1
 Stab: Sleeping          |     1 |       |       |       ||     1
  Eat: Chunk             |     3 |     7 |     9 |     6 ||    25
       Fruit             |       |       |     3 |     1 ||     4
Armor: Leather armour    |    17 |       |       |       ||    17
       Ring mail         |    35 |       |       |       ||    35
       Scale mail        |       |   107 |   118 |       ||   225
       Ice dragon scales |       |       |    76 |    88 ||   164
Dodge: Dodged            |   120 |    84 |   106 |    46 ||   356
